[Event "FISCA IM Round Robin 2022"]
[Site "Cap Aurora"]
[Date "2022.06.22"]
[Round "1.4"]
[White "Sanz Wawer, Daniel"]
[Black "Dev, Shah"]
[Result "0-1"]
[ECO "D11"]
[WhiteElo "2363"]
[BlackElo "2292"]
[Annotator "TA"]
[PlyCount "60"]
[EventDate "2022.06.22"]
[EventType "tourn"]
[EventCountry "ROU"]
[SourceTitle "playchess.com"]
[Source "ChessBase"]
[SourceQuality "1"]
[TimeControl "40/5400+30:900+30"]

1. d4 d5 2. c4 c6 3. Nd2 Nf6 4. Ngf3 Bf5 5. Nh4 Be4 6. e3 {[%emt 0:04:16] D11: Slav Defence: 3 Nf3 sidelines and 3...Nf6 4 e3 Bg4.} e6 7. Qb3 Qc7 8. Be2 {[%emt 0:02:29] [#] The position is equal.} Nbd7 $146 ({Predecessor:} 8... Be7 9. O-O Nbd7 10. Nxe4 dxe4 11. g3 c5 12. Bd2 O-O 13. Rfd1 Rfd8 14. Rac1 Nf8 {0-1 (49) Popov,V (2555)-Yevseev,D (2515) Jurmala 2015}) 9. Nxe4 Nxe4 10. O-O Be7 11. Nf3 f5 12. Nd2 Nef6 13. Qc2 Rc8 14. c5 O-O 15. b4 Ne4 16. Nb3 ({Better is} 16. Nxe4 $14 fxe4 17. Bg4) 16... g5 (16... Rf6 $1 $11) 17. f3 $14 Nef6 18. Bd2 Kh8 19. a4 Rg8 20. b5 ({White should try} 20. Be1 $16) 20... cxb5 21. axb5 {[%emt 0:01:31] Threatens to win with Qa2.} b6 (21... Bd6 $1 $14) 22. c6 (22. Qb2 $1 $16) 22... Bd6 $1 $11 23. f4 Nf8 24. Nc1 Ne4 25. Nd3 $36 {[%emt 0:00:58][%mdl 2048] White fights for an advantage.} gxf4 26. Nxf4 ({White must play} 26. exf4 $11 Qg7 27. Bf3) 26... Qg7 $1 $17 {[%emt 0:02:49] And now ...Bxf4 would win.} 27. g4 {[%emt 0:01:55] [#]} (27. Bf3 $17 Bxf4 28. exf4 Qxd4+ 29. Kh1 Qxd2 30. Bxe4 Rxg2 31. Qxd2 Rxd2 32. Bg2) 27... Bxf4 $2 ({Black should play} 27... Ng6 $1 $19 28. Qd3 (28. Nxe6 $2 Qh6 $19) 28... Qh6) 28. Rxf4 $11 Ng6 {[%emt 0:03:26] Pair of Knights!} 29. Rff1 {[%emt 0:00:05] [#]} (29. Rxe4 $1 $11 fxe4 30. Be1) 29... h5 (29... Qh6 $1 $17 {Strongly threatening ...fxg4.} 30. Rxa7 Rcf8) 30. g5 (30. Be1 $11) 30... Nh4 {[%emt 0:00:41] Weighted Error Value: White=0.57/Black=0.28 (precise)} 0-1

[Event "FISCA IM Round Robin 2022"]
[Site "Cap Aurora"]
[Date "2022.06.22"]
[Round "1.5"]
[White "Antonica, Dragos-Andrei"]
[Black "Cosman, Andreea-Marioara"]
[Result "1-0"]
[ECO "A38"]
[WhiteElo "2355"]
[BlackElo "2120"]
[Annotator "TA"]
[PlyCount "45"]
[EventDate "2022.06.22"]
[EventType "tourn"]
[EventCountry "ROU"]
[SourceTitle "playchess.com"]
[Source "ChessBase"]
[SourceQuality "1"]
[TimeControl "40/5400+30:900+30"]

1. Nf3 Nf6 2. c4 c5 3. Nc3 Nc6 4. g3 g6 5. Bg2 e5 6. O-O Bg7 7. a3 {[%emt 0:03:13][%cal Ob2b4] A38: Symmetrical English vs ...g6: 4 Bg2 Bg7 5 Nf3 Nf6.} d6 8. b4 {[%emt 0:03:08] has lost popularity (8.Rb1).} cxb4 (8... e4 $11 9. Ne1 (9. Ng5 Ng4 $11) 9... O-O) 9. axb4 $16 {[%emt 0:00:47] [#] White is better.} Nxb4 $146 (9... e4 $16 {was necessary.}) ({Predecessor:} 9... O-O 10. b5 Ne7 11. Ba3 Be6 12. d3 h6 13. Ne1 Qd7 14. Nc2 Rfd8 15. e4 Nh7 {1-0 (67) Thoma,R (2285)-Jenul,R Austria 1998}) 10. Ba3 $1 $18 Nc6 {[%emt 0:07:16] [#]} 11. Nb5 $1 Ne4 {[%emt 0:11:17] [#]} 12. Nxe5 $1 Nxe5 (12... Bxe5 13. Bxe4) 13. Bxe4 ({But not} 13. Qa4 $6 Bd7 14. Bxe4 O-O $16) 13... Bf8 (13... Nxc4 {is tougher.} 14. Qa4 Nxa3 15. Nxd6+ Kf8) 14. Qa4 {[%emt 0:05:28][%csl LRa7,LRd6] Nxd6+ is the strong threat. White is clearly winning.} Nc6 15. d4 {[%emt 0:02:22] Black must now prevent d5.} Bd7 16. Bxd6 {[%emt 0:08:18] aiming for Nc7+.} Nxd4 17. Be5 Nxe2+ 18. Kh1 f6 19. Bc7 Qe7 (19... Qc8 $142 20. Rfe1 Bc5) 20. Bxb7 Rc8 21. Bxc8 Bc6+ 22. f3 Qe4 23. Bh3 {[%emt 0:01:11] Black got outplayed after the opening.  Weighted Error Value: White=0.01 (flawless) /Black=0.68} (23. fxe4 $2 {leads to mate.} Bxe4+) 1-0

[Event "FISCA IM Round Robin 2022"]
[Site "Cap Aurora"]
[Date "2022.06.23"]
[Round "2.1"]
[White "Cosma, Ioan"]
[Black "Cosman, Andreea-Marioara"]
[Result "1/2-1/2"]
[ECO "B36"]
[WhiteElo "2394"]
[BlackElo "2120"]
[Annotator "TA"]
[PlyCount "85"]
[EventDate "2022.06.22"]
[EventType "tourn"]
[EventCountry "ROU"]
[SourceTitle "playchess.com"]
[Source "ChessBase"]
[SourceQuality "1"]
[TimeControl "40/5400+30:900+30"]

1. Nf3 c5 2. c4 g6 3. d4 cxd4 4. Nxd4 Nc6 5. e4 Nf6 6. Nc3 Nxd4 7. Qxd4 d6 $1 8. Be3 {[%emt 0:01:01] B36: Sicilian: Maroczy Bind: Gurgenidze System.} Bg7 9. f3 Be6 10. Qd2 {[%emt 0:01:50] [#] White is slightly better.} Nd7 $146 ({Predecessor:} 10... Rc8 11. b3 b5 12. Bxa7 Qa5 13. Nxb5 Qxd2+ 14. Kxd2 Nxe4+ 15. fxe4 Bxa1 16. Bd3 Be5 {1-0 (42) Pichot,A (2532)-Iturrizaga Bonelli,E (2624) Chess.com INT 2016}) 11. Rc1 a5 12. Nd5 Nc5 13. Be2 O-O 14. O-O a4 15. Bd4 Bxd5 16. Bxg7 Kxg7 17. exd5 Qb6 {[%emt 0:03:17] [#] Strongly threatening ...Ne4+.} 18. Kh1 Rfc8 19. Rfe1 Rc7 20. Bf1 Na6 (20... Kg8 $11) 21. Re4 Qb4 22. Qd4+ Kg8 23. Rce1 Re8 24. h4 Nc5 25. R4e3 e5 26. dxe6 Nxe6 27. Qf6 Rc5 28. Rd1 Qb6 29. Re4 Rf5 30. Qc3 Qf2 31. Qd2 (31. b4 {with more complications.} axb3 32. axb3 Rf4 33. Qe1) 31... Qxd2 32. Rxd2 Rd8 33. Kg1 Kf8 34. Kf2 {[%emt 0:00:39] The position is equal.} h5 35. g3 d5 36. cxd5 Rfxd5 37. Rxd5 Rxd5 $11 {[%emt 0:00:05][%mdl 4096] Endgame KRB-KRN} 38. Bc4 Rd2+ 39. Re2 Rd6 40. Bxe6 fxe6 41. Ke3 Ke7 42. Rc2 Kf6 43. Rc4 {[%emt 0:03:16] Weighted Error Value: White=0.08 (flawless) /Black=0.06 (flawless)} 1/2-1/2

[Event "FISCA IM Round Robin 2022"]
[Site "Cap Aurora"]
[Date "2022.06.23"]
[Round "2.2"]
[White "Dev, Shah"]
[Black "Antonica, Dragos-Andrei"]
[Result "0-1"]
[ECO "E66"]
[WhiteElo "2292"]
[BlackElo "2355"]
[Annotator "TA"]
[PlyCount "72"]
[EventDate "2022.06.22"]
[EventType "tourn"]
[EventCountry "ROU"]
[SourceTitle "playchess.com"]
[Source "ChessBase"]
[SourceQuality "1"]
[TimeControl "40/5400+30:900+30"]

1. d4 Nf6 2. c4 g6 3. Nc3 Bg7 4. Nf3 O-O 5. g3 d6 6. Bg2 c5 7. O-O Nc6 8. d5 Na5 9. Nd2 e6 10. Qc2 a6 11. a4 {[%emt 0:10:30] E66: King's Indian: Fianchetto: 6...c5 7 0-0 Nc6 8 d5.} (11. b3 $142) 11... Re8 12. e4 exd5 13. cxd5 {[%emt 0:00:15] [#] Black has an edge.} b5 $146 ({Predecessor:} 13... Bd7 14. b3 b5 15. axb5 axb5 16. Bb2 h5 17. h3 h4 18. g4 Nh7 19. f4 Bd4+ {½-½ (90) Zohaib Hassan,M (2231)-Perez Perez,G (2153) Benidorm 2017}) 14. Nd1 (14. axb5 $11 axb5 15. Nxb5) 14... Bd7 15. Ne3 c4 16. Ra2 Rc8 ({Black should play} 16... bxa4 $17 {...Nb3 is the strong threat.} 17. Nb1 Nb3) 17. axb5 $15 Bxb5 ({Black should try} 17... axb5 $17 18. Qb1 h5) 18. Re1 (18. Bh3 $11 {remains equal.} Rb8 19. Rd1) 18... Nd7 19. Nb1 Nb3 20. Bd2 Nxd2 21. Qxd2 Nc5 22. Nc3 Nd3 23. Rea1 Qf6 24. Ned1 (24. Ra3 $15) 24... Qd4 {[%emt 0:03:00] 0x0.0022fab77c42dp-1022s more active pieces.} 25. Ra5 Rb8 26. Qe2 (26. Bf1 $17) 26... f5 $19 27. Bh3 Nc5 ({Stronger than} 27... fxe4 28. Be6+ Kh8 29. Nxe4 $15) 28. Ne3 Nxe4 29. Rc1 (29. R5a3 {was necessary.}) 29... Nc5 30. Rd1 Nd3 {[%emt 0:00:57] Hoping for ...Bh6.} 31. Qf3 Qf6 32. Ra2 {[%emt 0:00:22] [#]} (32. Ra3 $142) 32... Nxb2 $1 33. Rxb2 Qxc3 34. Re2 Qf6 35. Rde1 c3 36. Ng4 (36. Rc2 $142) 36... fxg4 {[%emt 0:00:39] Weighted Error Value: White=0.61/Black=0.20 (precise)} 0-1

[Event "FISCA IM Round Robin 2022"]
[Site "Cap Aurora"]
[Date "2022.06.23"]
[Round "2.3"]
[White "Srinath, Rao S.V."]
[Black "Sanz Wawer, Daniel"]
[Result "1-0"]
[ECO "B12"]
[WhiteElo "2316"]
[BlackElo "2363"]
[Annotator "TA"]
[PlyCount "97"]
[EventDate "2022.06.22"]
[EventType "tourn"]
[EventCountry "ROU"]
[SourceTitle "playchess.com"]
[Source "ChessBase"]
[SourceQuality "1"]
[TimeControl "40/5400+30:900+30"]

1. e4 c6 2. d4 d5 3. e5 c5 4. Ne2 cxd4 5. Nxd4 e6 6. f4 {[%emt 0:00:56] B12: Caro-Kann: Advance Variation.} Nc6 7. Nc3 {[%emt 0:00:08] Active counter play!} Nge7 8. Be3 Nxd4 9. Bxd4 {[%emt 0:00:10] [#]} Nf5 $146 ({Predecessor:} 9... Nc6 10. Bf2 a6 11. Qg4 Qa5 12. O-O-O b5 13. Kb1 h5 14. Qg3 h4 15. Qg4 Rh6 16. Bxh4 {0-1 (67) Hopman,P-Lieutenant,G Huy 1993}) 10. Bf2 Bb4 11. a3 Ba5 (11... Bxc3+ $5 12. bxc3 Qa5 $11) 12. Bb5+ (12. Bd3 $14) 12... Bd7 $15 13. Bxd7+ Qxd7 14. b4 Bb6 15. Bxb6 axb6 16. Qd3 O-O (16... Rc8 $17) 17. O-O (17. g4 $5 Ne7 18. O-O $15) 17... Rfc8 18. Rf3 (18. g4 $11 Qc6 19. Nxd5) 18... Rc4 $17 19. g4 (19. Ne2 $17) 19... Nd4 $19 {[%emt 0:21:20] White must now prevent ...Rxc3.} 20. Rh3 f5 $2 (20... h6 $19 {[%cal Oc4c3] Threatens to win with ...Rxc3!} 21. Qd2 Qc7) 21. exf6 $1 $11 gxf6 {[%emt 0:00:29][%cal Oc4c3] Hoping for ...Rxc3!} 22. Ne4 Ne2+ 23. Qxe2 Rxe4 24. Re3 f5 25. Kh1 Kh8 ({Don't play} 25... Rxf4 26. gxf5 Rxf5 27. Rxe6 $16) 26. gxf5 exf5 27. Rxe4 dxe4 {[%emt 0:04:54][%mdl 4096] Endgame KQR-KQR} 28. Qe3 Qg7 29. Rg1 Qf6 30. h3 Rc8 {[%emt 0:02:58] Strongly threatening ...Rc3.} 31. Qb3 Re8 32. Qe3 Rg8 33. Rxg8+ Kxg8 {[%emt 0:00:05] KQ-KQ} 34. c4 (34. Qb3+ $11 Kg7 35. Qd5) 34... Kf7 (34... Qd8 $15) 35. Kg2 Ke7 36. Kg3 Kd7 37. Qd2+ $1 Kc7 38. a4 (38. Qd5 $1 $11 {keeps the balance.}) 38... Kb8 (38... Qa1 $17 39. Kh4 Qxa4) 39. c5 (39. a5 $11) 39... bxc5 $17 40. bxc5 {[%emt 0:00:04] [#]} Kc7 (40... Qg7+ $1 $17 41. Kf2 Qc7) 41. Qa5+ $11 Kb8 (41... Kd7 $11) 42. Qd2 $17 {[%emt 0:00:06] [#]} Kc8 ({Black should play} 42... Qg7+ $1 $17 43. Kf2 Qc7) 43. Qd5 $1 $11 Qg7+ 44. Kf2 Qd7 45. Qg8+ (45. Qe5 $1 $11) 45... Kc7 $19 {[%emt 0:00:05] ...Qd2+ is the strong threat.} 46. Kg3 $2 (46. Qg5 {is a better chance.}) 46... Kc6 47. Qf8 e3 $2 ({Better is} 47... Qd3+ $19 48. Kh4 e3) 48. Qf6+ $11 Kxc5 49. Qc3+ {[%emt 0:00:03][%mdl 32768] Weighted Error Value: White=0.38/Black=0.39. Loss on time!?} 1-0

[Event "FISCA IM Round Robin 2022"]
[Site "Cap Aurora"]
[Date "2022.06.23"]
[Round "2.4"]
[White "Buzbuchi, Ionut"]
[Black "Voiteanu, Gabriel"]
[Result "0-1"]
[ECO "A09"]
[WhiteElo "2301"]
[BlackElo "2189"]
[Annotator "ChessBase"]
[PlyCount "64"]
[EventDate "2022.06.22"]
[EventType "tourn"]
[EventCountry "ROU"]
[SourceTitle "playchess.com"]
[Source "ChessBase"]
[SourceQuality "1"]
[TimeControl "40/5400+30:900+30"]

1. Nf3 Nf6 2. g3 d5 3. Bg2 c5 4. O-O Nc6 5. c4 d4 6. d3 g6 7. e3 Bg7 8. exd4 cxd4 9. a3 a5 10. Re1 O-O 11. Ne5 Nxe5 12. Rxe5 Nd7 13. Rb5 Qc7 14. Nd2 Ra7 15. Rb1 b6 16. b4 Ba6 17. bxa5 Bxb5 18. axb6 Ba4 19. Qxa4 Nxb6 20. Qc2 Na4 21. Ne4 Nc3 22. Rb3 Rb8 23. Bf4 e5 24. Bd2 Nxe4 25. Bxe4 Bf8 26. Bb4 Bc5 27. h4 h5 28. Bd5 Kg7 29. Kg2 Ra6 30. Bxc5 Rxb3 31. Qxb3 Qxc5 32. Bxf7 Rb6 0-1

[Event "FISCA IM Round Robin 2022"]
[Site "Cap Aurora"]
[Date "2022.06.23"]
[Round "2.5"]
[White "Manolache, Marius"]
[Black "Ciolacu, Alessia-Mihaela"]
[Result "1-0"]
[ECO "D36"]
[WhiteElo "2481"]
[BlackElo "2198"]
[Annotator "TA"]
[PlyCount "71"]
[EventDate "2022.06.22"]
[EventType "tourn"]
[EventCountry "ROU"]
[SourceTitle "playchess.com"]
[Source "ChessBase"]
[SourceQuality "1"]
[TimeControl "40/5400+30:900+30"]

1. d4 Nf6 2. c4 e6 3. Nc3 d5 4. cxd5 exd5 5. Bg5 c6 6. Qc2 Be7 {[%emt 0:01:11] 6...h6 is the modern continuation.} 7. e3 Nbd7 {[%emt 0:00:27] D36: Queen's Gambit Declined: Exchange Variation: Main line (5 Bg5 c6 6 Qc2).} 8. Nge2 Nh5 9. Bxe7 Qxe7 {[%emt 0:00:02] [#] The position is equal.} 10. h3 $146 ({Predecessor:} 10. Ng3 Nxg3 11. hxg3 Nf6 12. Bd3 h6 13. O-O O-O 14. Rfc1 {½-½ (41) Muha,M (1617)-Bogdanic,A (1642) Krapinske Toplice 2015}) 10... g6 11. g4 Ng7 12. O-O-O Nb6 13. Kb1 (13. Nf4 $11) 13... Be6 (13... h5 $1 $15 14. Bg2 hxg4 15. hxg4 Rxh1 16. Rxh1 Bxg4) 14. Nf4 $11 O-O-O 15. a4 Kb8 16. a5 $36 {[%emt 0:00:31][%mdl 2048] White has good play.} Nd7 17. a6 {[%emt 0:07:55] Strongly threatening axb7.} b6 18. Rc1 {[%emt 0:09:11][%cal Oc3d5] Ncxd5! is the strong threat. White is more active.} Rc8 19. Bg2 {[%emt 0:01:44] And now e4 would win.} h5 ({Black should play} 19... Nf6 $14) 20. e4 $16 hxg4 21. hxg4 Rxh1 22. Bxh1 (22. Rxh1 $6 Bxg4 23. Qd2 Qg5 $15) 22... Nf6 23. Nxe6 Qxe6 24. f3 dxe4 (24... Nge8 $16) 25. g5 (25. Nxe4 Nd5 $11) ({White must play} 25. Qh2+ $1 $18 Ka8 26. g5) 25... Nd5 {[%emt 0:00:51] [#] Loses the game.} ({Black should try} 25... Nfe8 $1 $14) 26. Qh2+ $1 $18 (26. fxe4 $6 Nc7 $16) 26... Ka8 (26... Nc7 $142) 27. fxe4 Nb4 {[%emt 0:03:14] [#]} 28. d5 $1 Qd7 29. Rd1 {[%emt 0:00:51] Hoping for dxc6.} Qg4 $2 (29... Rd8 {was worth a try.} 30. Bf3 Qe7 31. dxc6 Rxd1+ 32. Bxd1 Nxa6) 30. Qe5 Ne8 31. Qe7 Nxa6 32. d6 {[%emt 0:00:11] Against Nec7} (32. dxc6 Nec7 33. Rd8 (33. Qxf7 Qxg5 34. Nd5 Qe5 $18) 33... Kb8 $18) 32... Nxd6 33. Qxd6 {[%emt 0:00:21] White is clearly winning.} ({Less strong is} 33. Rxd6 Rc7 34. Qd8+ Rc8 $18) 33... Qxg5 34. e5 Nb8 35. Be4 {[%emt 0:00:55] aiming for Rf1.} Qh4 (35... Qg4 $142 36. Rf1 Qd7) 36. Rf1 {[%emt 0:00:38] Weighted Error Value: White=0.23 (precise) /Black=0.48} 1-0

[Event "FISCA IM Round Robin 2022"]
[Site "Cap Aurora"]
[Date "2022.06.24"]
[Round "4.1"]
[White "Cosma, Ioan"]
[Black "Dev, Shah"]
[Result "1-0"]
[ECO "D24"]
[WhiteElo "2394"]
[BlackElo "2292"]
[Annotator "TA"]
[PlyCount "93"]
[EventDate "2022.06.22"]
[EventType "tourn"]
[EventCountry "ROU"]
[SourceTitle "playchess.com"]
[Source "ChessBase"]
[SourceQuality "1"]
[TimeControl "40/5400+30:900+30"]

1. d4 d5 2. c4 dxc4 3. Nf3 Nf6 4. Nc3 a6 5. e4 b5 6. e5 Nd5 7. a4 e6 8. axb5 Bb4 {[%emt 0:00:06] is the new trend. D24: Queen's Gambit Accepted: 3 Nf3 Nf6 4 Nc3.} 9. Bd2 (9. Bxc4 Nxc3 10. bxc3 Bxc3+ 11. Bd2 Bxa1 12. Qxa1 Bb7 $17) 9... Nb6 10. bxa6 Nxa6 {[%emt 0:06:43] The position is equal.} 11. Be2 Bb7 12. O-O O-O {[%emt 0:00:50] [#]} 13. Be3 $146 ({Predecessor:} 13. Na4 c5 14. dxc5 Bxc5 15. Nxc5 Nxc5 16. Be3 Nd3 17. Rxa8 Bxa8 18. b3 Bxf3 19. Bxf3 {½-½ (45) Mamedyarov,S (2762)-Kasimdzhanov,R (2691) Tashkent 2016}) 13... Qe7 14. Bg5 Qd7 15. Qc1 Be7 16. Qf4 Nb4 17. Ne4 {[%emt 0:00:00][%cal Oe4f6] Black must now prevent Nf6+!} Bxe4 18. Qxe4 N4d5 19. h4 h6 {[%emt 0:03:33] Hoping for ...Rxa1.} 20. Bd2 Qb5 21. Rab1 {[%emt 0:00:00][%cal Ob2b3] b3! is the strong threat.} Qb3 (21... Bb4 $14) 22. Ne1 {[%emt 0:00:00] Strongly threatening Bd1.} Rae8 (22... Nd7 $14) 23. Bd1 $1 $18 Qb5 24. Bc2 f5 25. exf6 $1 Nxf6 26. Qxe6+ (26. Qg6 $1 $18) 26... Kh8 $16 {[%emt 0:00:01] Threatens to win with ...Bb4.} 27. Qf5 Qxf5 28. Bxf5 c5 29. Bg6 $36 {[%emt 0:00:00][%mdl 2048] White is in control.} Rd8 (29... cxd4 $2 30. Bxe8 Rxe8 31. Nf3 $18) 30. Ba5 $1 Nfd5 31. dxc5 Bxc5 32. b4 Be7 33. Nf3 Rd6 34. h5 Nf4 (34... Re6 $16) 35. Rfe1 Bf6 36. b5 {[%emt 0:02:38] And now Bb4 would win.} Ra8 37. Bb4 {[%emt 0:03:49] A strong pair of Bishops.} ({Better is} 37. g3 $18 Nfd5 38. Ne5 $1 Bxe5 39. Rxe5) 37... Rdd8 38. Ne5 Bxe5 39. Rxe5 Nd3 40. Re6 Nd5 41. Be1 Rab8 {[%emt 0:18:00] [#]} (41... Nxe1 $16 42. Rexe1 (42. Rbxe1 Rab8 $18) 42... Rab8) 42. g3 (42. Ba5 $1 $18 {[%cal Ra5d8] is the precise move to win.} N3f4 43. Rc6) 42... Nc7 {[%emt 0:00:50] [#]} (42... Nxe1 $16 43. Rexe1 (43. Rbxe1 Kg8 $16) 43... Kg8) 43. Rc6 $1 $18 Rxb5 44. Rd1 Ne8 (44... Nd5 $16 45. Rxc4 (45. Bxd3 cxd3 46. Rxd3 Re8 $16) 45... Nxe1) 45. Rxc4 {[%emt 0:00:21] White is clearly winning.} Rbd5 46. Rxd3 Rxd3 47. Bxd3 {[%emt 0:00:03] Weighted Error Value: White=0.13 (very precise) /Black=0.24 (precise)} 1-0

[Event "FISCA IM Round Robin 2022"]
[Site "Cap Aurora"]
[Date "2022.06.24"]
[Round "4.2"]
[White "Srinath, Rao S.V."]
[Black "Cosman, Andreea-Marioara"]
[Result "1/2-1/2"]
[ECO "B86"]
[WhiteElo "2316"]
[BlackElo "2120"]
[Annotator "TA"]
[PlyCount "32"]
[EventDate "2022.06.22"]
[EventType "tourn"]
[EventCountry "ROU"]
[SourceTitle "playchess.com"]
[Source "ChessBase"]
[SourceQuality "1"]
[TimeControl "40/5400+30:900+30"]

1. e4 c5 2. Nf3 d6 3. d4 cxd4 4. Nxd4 Nf6 5. Nc3 a6 6. Bc4 e6 7. Bb3 Nbd7 8. O-O Nc5 9. f4 Be7 10. e5 {[%emt 0:00:21] The position is equal.} dxe5 {[%emt 0:00:51] B86: Sicilian Scheveningen/Najdorf: 6 Bc4, without early ...b5.} 11. fxe5 Nfd7 12. Qh5 {[%emt 0:00:35][%csl Gf1][%cal Rh5f7] [#]} Nf6 13. Qd1 Nfd7 14. Qh5 Nf6 15. Qd1 Nfd7 {[%emt 0:00:07] [#]} 16. Qh5 $146 {[%emt 0:00:06][%csl Gf1][%cal Rh5f7] [#]} ({Predecessor:} 16. Qe2 O-O 17. Bf4 Qb6 18. Rad1 a5 19. Kh1 Nxb3 20. axb3 Nc5 21. Qh5 Bd7 22. Rf3 g6 23. Rg3 Be8 24. Bh6 f5 25. Bxf8 Bxf8 26. Nxf5 exf5 {1-0 (34) Golubev,M (2499)-Kovchan,A (2513) Kharkov 2006}) 16... Nf6 $1 {[%emt 0:00:11] An interesting draw.  Weighted Error Value: White=0.05 (flawless) /Black=0.00 (flawless)} 1/2-1/2

[Event "FISCA IM Round Robin 2022"]
[Site "Cap Aurora"]
[Date "2022.06.24"]
[Round "4.3"]
[White "Buzbuchi, Ionut"]
[Black "Antonica, Dragos-Andrei"]
[Result "1/2-1/2"]
[ECO "A07"]
[WhiteElo "2301"]
[BlackElo "2355"]
[Annotator "TA"]
[PlyCount "28"]
[EventDate "2022.06.22"]
[EventType "tourn"]
[EventCountry "ROU"]
[SourceTitle "playchess.com"]
[Source "ChessBase"]
[SourceQuality "1"]
[TimeControl "40/5400+30:900+30"]

1. Nf3 d5 2. g3 g6 3. Bg2 Bg7 4. O-O e5 5. d3 Nc6 6. Nbd2 Nge7 7. e4 O-O 8. c3 a5 9. a4 {[%emt 0:04:24] A07: Réti Opening: New York and Capablanca Systems.} dxe4 10. dxe4 h6 {[%emt 0:01:11] [#]} 11. Qc2 $146 ({Predecessor:} 11. Qe2 b6 12. Nc4 Ba6 13. b3 Qc8 14. Ba3 Qe6 15. Rfd1 Rfd8 16. Bf1 Rxd1 17. Rxd1 {0-1 (60) Malenica,M (2202)-Golubovic,B (2411) Sibenik 2016}) 11... Be6 12. b3 Qd7 13. Ba3 Rfd8 14. Rad1 Qe8 {[%emt 0:56:00] Weighted Error Value: White=0.06 (flawless) /Black=0.10 (very precise)} 1/2-1/2

[Event "FISCA IM Round Robin 2022"]
[Site "Cap Aurora"]
[Date "2022.06.24"]
[Round "4.4"]
[White "Manolache, Marius"]
[Black "Sanz Wawer, Daniel"]
[Result "1/2-1/2"]
[ECO "E51"]
[WhiteElo "2481"]
[BlackElo "2363"]
[Annotator "RC"]
[PlyCount "120"]
[EventDate "2022.06.22"]
[EventType "tourn"]
[EventCountry "ROU"]
[SourceTitle "playchess.com"]
[Source "ChessBase"]
[SourceQuality "1"]
[TimeControl "40/5400+30:900+30"]

1. d4 Nf6 2. c4 e6 3. Nc3 Bb4 4. e3 O-O 5. Bd2 d5 6. Nf3 b6 7. cxd5 exd5 8. Rc1 Be7 9. Ne5 Bb7 10. Bd3 c5 11. O-O Nbd7 12. f4 cxd4 13. exd4 Ne4 14. Be3 Ndf6 15. Ne2 Qd6 16. f5 Rfc8 17. Qa4 a6 18. g4 h6 19. Qb3 Qb4 20. Qxb4 Bxb4 21. Rfd1 Kf8 22. h4 Ke7 23. Nf4 Bd6 24. Be2 Rxc1 25. Rxc1 Rc8 26. Rxc8 Bxc8 27. Kg2 Bb7 28. Nfd3 Nd7 29. Bf4 Nb8 30. Kf3 Bc8 31. Ke3 h5 32. g5 Bxf5 33. Bxh5 f6 34. gxf6+ Nxf6 35. Bg5 Nbd7 36. Bf3 Bxd3 37. Nxd7 Kxd7 38. Bxf6 gxf6 39. Kxd3 Ke6 40. h5 Bf4 41. Kc3 Be3 42. Bg4+ f5 43. Bf3 Kd6 44. Kd3 Bc1 45. Be2 Bg5 46. Kc3 a5 47. Ba6 Ke6 48. Bb7 Bh6 49. b4 axb4+ 50. Kxb4 Bg7 51. Bc8+ Kf6 52. Kc3 Bh6 53. a4 Bc1 54. Bb7 Ke6 55. Ba6 Bh6 56. Be2 Bg5 57. Bf3 Be3 58. Kb4 Bxd4 59. Kb5 Kf6 60. Bxd5 Ke5 1/2-1/2

[Event "FISCA IM Round Robin 2022"]
[Site "Cap Aurora"]
[Date "2022.06.24"]
[Round "4.5"]
[White "Ciolacu, Alessia-Mihaela"]
[Black "Voiteanu, Gabriel"]
[Result "1-0"]
[ECO "D85"]
[WhiteElo "2198"]
[BlackElo "2189"]
[Annotator "TA"]
[PlyCount "64"]
[EventDate "2022.06.22"]
[EventType "tourn"]
[EventCountry "ROU"]
[SourceTitle "playchess.com"]
[Source "ChessBase"]
[SourceQuality "1"]
[TimeControl "40/5400+30:900+30"]

1. d4 Nf6 2. c4 g6 3. Nc3 d5 4. cxd5 Nxd5 5. e4 Nxc3 6. bxc3 Bg7 7. Nf3 c5 8. h3 O-O 9. Be2 b5 {[%emt 0:00:31] D85: Exchange Grünfeld: Unusual White 7th moves and lines with 7 Nf3.} 10. Be3 ({But not} 10. Bxb5 Qa5 11. Qb3 cxd4 $17) 10... Bb7 11. Qd3 b4 {[%emt 0:00:55] The position is equal.} 12. cxb4 cxb4 13. O-O a5 {[%emt 0:00:23] [#]} 14. Rac1 $146 ({Predecessor:} 14. Rab1 e6 15. h4 h6 16. Rfd1 Nd7 17. e5 Ba6 18. Qd2 Bxe2 19. Qxe2 Nb6 20. h5 {0-1 (36) Bluebaum,M (2672)-Svidler,P (2723) chess24.com INT 2020}) 14... Nd7 15. d5 Ba6 16. Qd2 Bc3 17. Qd1 Ne5 18. Nxe5 Bxe5 19. Rc6 Bxe2 20. Qxe2 a4 21. Qc4 {[%emt 0:08:26] White is more active.} (21. f4 $16 Bg7 22. Qc4) 21... Rb8 (21... b3 $1 $11 {keeps the balance.}) 22. Rb1 $36 {[%emt 0:06:18][%mdl 2048] White has strong initiative.} b3 23. Qxa4 ({White should play} 23. axb3 $16 Rxb3 24. Rxb3 axb3 25. Qxb3) 23... bxa2 (23... b2 $14) 24. Qxa2 Rxb1+ 25. Qxb1 Qa5 26. Bh6 Ra8 27. g3 Qd8 {[%emt 0:01:19] [#] White must now prevent ...Ra1.} 28. Kg2 Qd7 29. Qb6 f5 $2 {[%emt 0:02:21][%mdl 8192] Black cannot hold the game after this.} (29... Bd6 $16 30. Be3 Rb8) 30. Re6 $18 Bf6 (30... Bg7 $142 31. Bxg7 Kxg7 32. Qd4+ Kg8) 31. Qb3 fxe4 32. d6 {[%emt 0:00:11] [#] White wants to mate with Rxe7+.} Kh8 {[%emt 0:01:09] Weighted Error Value: White=0.11 (very precise) /Black=0.41} 1-0